 Dungeon Crawl Stone Soup version 0.20.0 (webtiles) character file.

117 FakerFangirl the Cudgeler (level 4, -4/38 HPs)
             Began as a Draconian Fighter on May 25, 2017.
             Slain by Grinder (6 damage)
             ... on level 2 of the Dungeon.
             The game lasted 00:02:00 (2056 turns).

FakerFangirl the Cudgeler (Draconian Fighter)       Turns: 2056, Time: 00:02:01

Health: -4/38      AC:  5    Str: 18    XL:     4   Next: 71%
Magic:  4/4        EV: 10    Int: 14    God:
Gold:   136        SH:  9    Dex: 11    Spells: 3/3 levels left

rFire    + . .     SeeInvis .   Y - +0 flail
rCold    . . .     Gourm    .   b - +0 shield
rNeg     . . .     Faith    .   (armour unavailable)
rPois    .         Spirit   .   (helmet restricted)
rElec    .         Reflect  .   (no cloak)
rCorr    .         Harm     .   (no gloves)
MR       .....                  (no boots)
Stlth    +.........             (no amulet)
Regen    0.2/turn               e - ring of protection from fire
MPRegen  0.1/turn               (no ring)

@: brilliant
A: unfitting armour, cold-blooded, AC +5
a: no special abilities


You were on level 2 of the Dungeon.
You were not hungry.

You visited 1 branch of the dungeon, and saw 3 of its levels.

You collected 136 gold pieces.


Innate Abilities, Weirdness & Mutations

Your plain brown scales are hard. (AC +5)
You cannot fit into any form of body armour.
You are cold-blooded and may be slowed by cold attacks.


   Skills:
 - Level 3.2 Fighting
 + Level 5.0 Maces & Flails
 - Level 2.6 Dodging
 - Level 3.0 Shields


You had 3 spell levels left.
You didn't know any spells.

Inventory:

Hand Weapons
 Y - a +0 flail (weapon)
Missiles
 g - 2 javelins (quivered)
Armour
 b - a +0 shield (worn)
Jewellery
 e - a ring of protection from fire (left hand)
Scrolls
 f - a scroll of identify
Potions
 c - a potion of might
 h - a potion of resistance
 o - a potion of agility {unknown}
Comestibles
 d - 2 bread rations
 j - 3 fruits
 l - a meat ration
 m - a royal jelly

Dungeon Overview and Level Annotations

Branches:
Dungeon (3/15)

Altars:
Ashenzari
Yredelemnul

Annotations:
D:2 Grinder


Message History

Grinder is heavily wounded.
Grinder gestures at you. You resist with significant effort.
You closely miss Grinder.
Your tail-slap misses Grinder.
Grinder is heavily wounded.
You block Grinder's attack. x2
You closely miss Grinder.
Grinder is heavily wounded.
Grinder hits you.
You writhe in agony.
You hit Grinder.
Grinder is severely wounded.
Grinder completely misses you.
You hit Grinder but do no damage.
Grinder is severely wounded.
Grinder gestures at you. Pain shoots through your body!
You closely miss Grinder.
Grinder is severely wounded.
Grinder hits you.
You die...

..........# #.#.# ..........#
#.#.# ..........# #.#.#
.....!....# #...# ..........#
#...######
..........#####........#
....................##.######
....................##.....<#
#########......5@.>.#########
#...........# ###
##########.## #.. #.# #.# #.#
########.# #.# #......... #.#
##.######.# #.# #<...# #.#
#.# ##.#.####.#


You could see Grinder.

Vanquished Creatures
  An adder (D:2)
  4 gnolls (D:2)
  5 worms (D:2)
  5 dart slugs
  2 leopard geckos (D:1)
  A ball python (D:1)
  5 goblins
  2 hobgoblins (D:1)
  6 jackals (D:1)
  A quokka (D:2)
  7 bats
  2 frilled lizards (D:1)
  A kobold (D:2)
  4 rats (D:1)
46 creatures vanquished.

Notes
Turn   | Place    | Note
-------+----------+-------------------------------------------
     0 | D:1      | FakerFangirl the Draconian Fighter began the quest for the Orb.
     0 | D:1      | Reached XP level 1. HP: 19/19 MP: 1/1
     0 | D:1      | 0 ||| counter = 19
   171 | D:1      | Reached XP level 2. HP: 26/26 MP: 2/2
   258 | D:1      | Reached skill level 3 in Maces & Flails
   704 | D:1      | Reached XP level 3. HP: 31/31 MP: 3/3
  1009 | D:1      | 1009 ||| READING 2 scrolls labeled YGGIMI USHROSE.
  1010 | D:1      | 1010 ||| READING scroll labeled BIUWONILOAS.
  1011 | D:1      | 1011 ||| READING scroll labeled TUMEAF DUPS.
  1012 | D:1      | 1012 ||| READING scroll labeled ARGHODDUSCHURAO.
  1013 | D:1      | 1013 ||| DRINKING 2 sedimented black potions.
  1014 | D:1      | 1014 ||| READING scroll of identify.
  1014 | D:1      | 1014 ||| IDENTIFYING steel ring
  1015 | D:1      | 1015 ||| UPGRADING to ring of protection from fire.
  1016 | D:1      | 1016 ||| DROPPING potion of magic.
  1143 | D:2      | Found a basalt altar of Yredelemnul.
  1155 | D:2      | Reached skill level 4 in Maces & Flails
  1487 | D:2      | Reached XP level 4. HP: 38/38 MP: 4/4
  1521 | D:2      | Reached skill level 5 in Maces & Flails
  2011 | D:2      | Found a shattered altar of Ashenzari.
  2012 | D:2      | 2012 ||| READING scroll labeled SILAOZE NIHOW.
  2016 | D:2      | 2016 ||| DRINKING 2 sedimented puce potions.
  2017 | D:2      | 2017 ||| DRINKING 2 inky potions.
  2018 | D:2      | 2018 ||| READING 4 scrolls of identify.
  2018 | D:2      | 2018 ||| IDENTIFYING glowing ruby amulet
  2019 | D:2      | 2019 ||| DROPPING amulet of the gourmand.
  2020 | D:2      | 2020 ||| READING 3 scrolls of identify.
  2020 | D:2      | 2020 ||| IDENTIFYING amulet of the gourmand
  2021 | D:2      | 2021 ||| DROPPING amulet of the gourmand.
  2022 | D:2      | 2022 ||| READING 2 scrolls of identify.
  2022 | D:2      | 2022 ||| IDENTIFYING white potion
  2023 | D:2      | 2023 ||| DROPPING potion of brilliance.
  2038 | D:3      | Noticed Grinder
  2039 | D:3      | 2039 ||| STAIRDANCE
  2047 | D:2      | HP: 8/38 [Grinder (3)]
  2048 | D:2      | 2048 ||| DRINKING potion of heal wounds.
  2055 | D:2      | HP: 2/38 [Grinder/nerve-wracking pain (13)]
  2056 | D:2      | Slain by Grinder

Vault maps used:
D:1:      dpeg_arrival_simpleton_b, minmay_quantized
D:2:      lemuel_doored_altar, lemuel_coloured_pillars_altar, first_bread
D:3:      nicolae_ru_path_of_blood, gammafunk_temple_overflow_arena,
          chequers_ecumenical_altar_island, uniq_sigmund, uniq_natasha,
          uniq_grinder

Skill      XL: |  1  2  3  4 |
---------------+-------------+-----
Maces & Flails | 3 4 5 |  5.0
Fighting       | |  3.2
Dodging        | |  2.6
Shields        | |  3.0

Action                   |  1- 3 |  4- 6 || total
-------------------------+-------+-------++-------
Melee: Flail             |   103 |    36 ||   139
       Tailslap          |    11 |     4 ||    15
Throw: Javelin           |    10 |     4 ||    14
  Use: Scroll            |     5 |     4 ||     9
       Potion            |     1 |     3 ||     4
  Eat: Chunk             |     2 |     2 ||     4
Armor: Skin              |    20 |     4 ||    24
Dodge: Dodged            |    38 |     9 ||    47
Block: Shield            |    38 |    11 ||    49
